 Dungeon Crawl Stone Soup version 0.16-a0-3308-g116f5c4 (webtiles) character file.

862 BluebellGnoll the Covert (level 7, 0/32 HPs)
             Began as a Spriggan Enchanter on Dec 26, 2014.
             Was an Initiate of Vehumet.
             Slain by a centaur (8 damage)
             ... on level 5 of the Dungeon.
             The game lasted 00:11:44 (4455 turns).

BluebellGnoll the Covert (Spriggan Enchanter)       Turns: 4455, Time: 00:11:44

Health: 0/32       AC:  3    Str:  4    XL:     7   Next: 72%
Magic:  10/25      EV: 18    Int: 19    God:    Vehumet [......]
Gold:   238        SH:  0    Dex: 15    Spells: 6 memorised, 5 levels left

rFire  . . .     SeeInvis +     A - +4 short sword of Ash {pierce, MR++ Dex-1 SInv}
rCold  . . .     Clarity  .     b - +1 robe
rNeg   + . .     SustAb   .     (shield restricted)
rPois  .         Gourm    .     (helmet restricted)
rElec  .         Spirit   .     (no cloak)
rCorr  .         Warding  .     (gloves unavailable)
rMut   .         Stasis   .     (boots unavailable)
MR     +++..                    (no amulet)
Stlth  +++++.....               (no ring)
                                f - ring of positive energy

@: very quick, extremely resistant to hostile enchantments, quite stealthy
A: unfitting armour, see invisible, herbivore 3, speed 3, slow metabolism 2
a: Renounce Religion


You were on level 5 of the Dungeon.
You worshipped Vehumet.
Vehumet was noncommittal.
You were not hungry.

You visited 1 branch of the dungeon, and saw 5 of its levels.

You collected 238 gold pieces.

Inventory:

Hand weapons
 a - a +1 dagger
 g - a +3 dagger
 A - the +4 short sword of Ash (weapon) {pierce, MR++ Dex-1 SInv}
   (You found it on level 4 of the Dungeon)

   It inflicts extra damage upon your enemies.
   It affects your dexterity (-1).
   It affects your resistance to hostile enchantments.
   It enhances your eyesight.
 B - a +0 blowgun
Missiles
 C - 20 poisoned needles
Armour
 b - a +1 robe (worn)
Jewellery
 f - a ring of positive energy (left hand)
 w - an uncursed amulet of stasis
Scrolls
 i - 6 scrolls of magic mapping {unknown}
 j - 2 scrolls of amnesia {unknown}
 m - 5 scrolls of identify {unknown}
 n - a scroll of enchant armour {unknown}
 p - 2 scrolls of recharging {unknown}
 u - a scroll of remove curse {unknown}
 v - a scroll of fear {unknown}
 x - a scroll of random uselessness {unknown}
 y - 3 scrolls of teleportation {unknown}
 z - a scroll of enchant weapon {unknown}
 D - a scroll of immolation {unknown}
Potions
 e - a potion of cure mutation {unknown}
 h - a potion of curing {unknown}
 k - a potion of agility {unknown}
 l - a potion of lignification {unknown}
 o - a potion of poison {unknown}
 q - a potion of cancellation {unknown}
 r - a potion of might {unknown}
 s - a potion of brilliance {unknown}
 t - a potion of ambrosia {unknown}
Books
 c - a book of Maledictions

   Spells                             Type                      Level
   a - Corona                         Hexes                        1
   b - Sure Blade                     Hexes/Charms                 2
   c - Ensorcelled Hibernation        Hexes/Ice                    2
   d - Confuse                        Hexes                        3
   e - Dazzling Spray                 Conjuration/Hexes            3
   f - Enslavement                    Hexes                        4
Comestibles
 d - a bread ration


   Skills:
 - Level 1.1 Short Blades
 - Level 3.0 Dodging
 - Level 8.7 Stealth
 * Level 7.0 Spellcasting
 * Level 6.9 Hexes


You had 5 spell levels left.
You knew the following spells:

 Your Spells              Type           Power        Failure   Level  Hunger
a - Corona                Hex            ####...      1%          1    None
b - Ensorcelled Hibernat  Hex/Ice        ###...       4%          2    None
c - Confuse               Hex            ####....     1%          3    #......
d - Sure Blade            Hex/Chrm       ###.......   4%          2    None
e - Dazzling Spray        Conj/Hex       ###.....     10%         3    #......
f - Enslavement           Hex            ####....     8%          4    ###....


Dungeon Overview and Level Annotations

Branches:
Dungeon (5/15)
 Temple: D:4-7

Altars:
Ru
Vehumet
Yredelemnul


Innate Abilities, Weirdness & Mutations

You are tiny and cannot use many weapons and most armour.
You have supernaturally acute eyesight.
You are a herbivore.
You cover ground extremely quickly.
You need consume almost no food.


Message History

Confirm with . or Enter, or press ? or * to list all spells.
Aiming: Confuse
Press: ? - help, Shift-Dir - straight line, f - centaur
Aim: a centaur, wielding a shortbow (chance 63%)
The centaur resists with significant effort.
The centaur shoots an arrow of flame.
The arrow of flame hits you. The arrow of flame burns you.
The centaur unwields an uncursed shortbow.
The centaur barely misses you.
Casting: Confuse
Confirm with . or Enter, or press ? or * to list all spells.
Aiming: Confuse
Press: ? - help, Shift-Dir - straight line, f/p - centaur
Aim: a centaur (chance 63%)
The centaur resists with significant effort.
The centaur hits you.
You barely miss the centaur. The centaur hits you.
* * * LOW HITPOINT WARNING * * *
The centaur hits you!
You die...

##### ..#.. #.#.#
#.#.# ## #.#.# .#
#.#.# ##.# #.#.#
#c.#
....############@.#
...........>...(..#
.......#.##.####..#
.......#.#.....#..#
.#####.#.#..#.....#
.#.....#.#..#..#.##
.#.###.#.#.....#...
...............###
# ...###.#...#...#


You could see a centaur.

Vanquished Creatures
  The ghost of Aargh the Skirmisher, an average HOAK of Lugonu (D:4)
  An ogre (D:4)
  A centaur (D:5)
  4 killer bees (D:4)
  A hound (D:4)
  An orc priest (D:3)
  4 orc wizards
  4 worker ants
  An adder (D:4)
  8 gnolls
  A shadow imp (D:5)
  2 giant geckos
  19 orcs
  2 ball pythons
  4 hobgoblins
  8 jackals
  4 quokkas
  6 bats
  3 giant cockroaches
  3 giant newts
  5 goblins
  10 kobolds
  5 rats
98 creatures vanquished.

Notes
Turn   | Place    | Note
--------------------------------------------------------------
     0 | D:1      | BluebellGnoll, the Spriggan Enchanter, began the quest for the Orb.
     0 | D:1      | Reached XP level 1. HP: 9/9 MP: 4/4
   268 | D:1      | Reached skill level 5 in Stealth
   302 | D:1      | Reached XP level 2. HP: 8/13 MP: 1/7
   312 | D:1      | Learned a level 2 spell: Ensorcelled Hibernation
   820 | D:2      | Found a sacrificial altar of Ru.
   952 | D:2      | Reached skill level 6 in Stealth
  1967 | D:2      | Reached XP level 3. HP: 9/16 MP: 3/9
  2227 | D:3      | Reached skill level 7 in Stealth
  2344 | D:3      | Found a basalt altar of Yredelemnul.
  2742 | D:3      | Learned a level 3 spell: Confuse
  2827 | D:3      | Reached XP level 4. HP: 21/21 MP: 6/12
  2857 | D:3      | Reached skill level 8 in Stealth
  3148 | D:3      | Learned a level 2 spell: Sure Blade
  3242 | D:4      | Reached XP level 5. HP: 20/24 MP: 3/15
  3410 | D:4      | Noticed Aargh's ghost (average HOAK)
  3434 | D:4      | Killed Aargh's ghost
  3434 | D:4      | Reached XP level 6. HP: 24/28 MP: 10/20
  3439 | D:4      | Learned a level 3 spell: Dazzling Spray
  3459 | D:4      | Noticed an ogre
  3464 | D:4      | Killed an ogre
  3464 | D:4      | Reached skill level 5 in Hexes
  3569 | D:4      | Reached skill level 5 in Spellcasting
  3584 | D:4      | Reached XP level 7. HP: 32/32 MP: 17/23
  3887 | D:4      | Got a sapphire short sword
  3888 | D:4      | Identified the +4 short sword of Ash {pierce, MR++ Dex-1 SInv} (You found it on level 4 of the Dungeon)
  4059 | D:4      | Found a radiant altar of Vehumet.
  4069 | D:4      | Became a worshipper of Vehumet
  4075 | D:4      | Learned a level 4 spell: Enslavement
  4100 | D:5      | Entered Level 5 of the Dungeon
  4455 | D:5      | Slain by a centaur

Action                   |  1- 3 |  4- 6 |  7- 9 || total
-------------------------+-------+-------+-------++-------
Melee: Dagger            |   110 |    86 |     7 ||   203
       Short sword       |       |       |    47 ||    47
 Cast: Corona            |     8 |     3 |       ||    11
       Ensorcelled Hiber |    11 |    11 |    21 ||    43
       Confuse           |       |     7 |    11 ||    18
 Stab: Sleeping          |    15 |    13 |    13 ||    41
       Confused          |       |     4 |     4 ||     8
  Eat: Bread ration      |       |     1 |       ||     1
